 Dungeon Crawl Stone Soup version 0.28.0-47-ge53b351184 (console) character file.

Game seed: 7596756490241310889

104 Cab the Chopper (level 4, -5/35 HPs)
             Began as a Demonspawn Fighter on May 4, 2022.
             Slain by a wight
             ... wielding a +0 halberd
              (15 damage)
             ... on level 3 of the Dungeon.
             The game lasted 00:03:41 (1616 turns).

Cab the Chopper (Demonspawn Fighter)                Turns: 1616, Time: 00:03:41

Health: -5/35      AC:  9    Str: 18    XL:     4   Next: 52%
Magic:  4/4        EV:  9    Int:  9    God:
Gold:   115        SH:  9    Dex: 13    Spells: 3/3 levels left

rFire   . . .      SeeInvis .   a - +0 war axe
rCold   . . .      Faith    .   c - +0 buckler
rNeg    . . .      Spirit   .   b - +0 scale mail
rPois   .          Reflect  +   (no helmet)
rElec   .          Harm     .   (no cloak)
rCorr   .          Rampage  .   (no gloves)
Will    .....                   (no boots)
Stlth   ..........              k - amulet of reflection
HPRegen 0.11/turn               (no ring)
MPRegen 0.09/turn               (no ring)

@: mighty
A: yellow scales 2
a: no special abilities


You were on level 3 of the Dungeon.
You visited 1 branch of the dungeon, and saw 3 of its levels.

You collected 115 gold pieces.

Inventory:

Hand Weapons
 a - a +0 war axe (weapon)
Armour
 b - a +0 scale mail (worn)
 c - a +0 buckler (worn)
Jewellery
 k - an amulet of reflection (around neck)
Scrolls
 e - a scroll of amnesia {unknown}
 g - 2 scrolls of identify {unknown}
 h - a scroll of acquirement {unknown}
 i - a scroll of teleportation {unknown}
 j - a scroll of vulnerability {unknown}
Potions
 f - a potion of berserk rage {unknown}


   Skills:
 - Level 3.0 Fighting
 + Level 4.3 Axes
 - Level 2.7 Armour
 - Level 2.7 Shields


You had 3 spell levels left.
You didn't know any spells.
Your spell library was empty.

Dungeon Overview and Level Annotations

Branches:
Dungeon (3/15)

Altars:

Annotations:
D:3 Grinder


Innate Abilities, Weirdness & Mutations

You are mostly covered in yellow scales. (AC +3)


Message History

You barely miss the jackal. You hit the jackal. The jackal bites you. x2
You block the jackal's attack. The jackal completely misses you.
You completely miss the goblin. You hit the jackal.
You kill the jackal!
You slash the jackal!
You kill the jackal!
The goblin hits you but does no damage. x2
You barely miss the goblin. You block the goblin's attack.
You barely miss the goblin. x2; The goblin closely misses you.
You block the goblin's attack.
You hit the goblin.
The goblin is heavily wounded.
You barely miss the goblin. You block the goblin's attack. x2
A quokka comes into view.
The goblin hits you with a +0 dagger.
You closely miss the goblin. You slash the goblin!
You kill the goblin!
The goblin hits you with a +0 dagger. The goblin closely misses you.
Grinder, a bat, an endoplasm and 2 wights come into view.
A wight is wielding a +3 great sword and wearing a +1 robe of positive energy.
Found 6 gold pieces.
Grinder shouts!
The endoplasm quivers.
A wight comes into view. It is wielding a +0 halberd.
You block the goblin's attack.
The endoplasm moves out of view.
Things that are here:
a +0 dagger; a +0 hunting sling; a bat corpse You slash the goblin!
You kill the goblin!
Unknown command.
You block the bat's attack.
You see here a bubbling sapphire potion.
The bat barely misses you. The bat closely misses you.
You completely miss the quokka. The quokka closely misses you.
You slash the quokka!
You kill the quokka!
The bat hits you. You block the bat's attack.
The wight hits you from afar with a +0 halberd!
You die...

∙▒▒▒ ▒∙∙∙∙∙▒ ∙∙∙▒
▒∙∙∙∙▒∙∙∙∙∙▒ ∙▒∙▒
▒∙∙∙∙▒∙∙∙∙∙■
∙∙∙▒▒▒▒▒▒▒▒▒∙∙∙∙▒∙∙∙∙∙▒
∙∙∙▒▒∙∙∙∙∙∙∙∙∙∙∙▒∙∙∙∙∙▒▒▒▒▒
%∙∙▒∙∙∙∙∙∙∙∙∙∙∙∙▒▒∙∙∙∙∙∙∙∙▒
∙▒∙▒∙∙∙∙∙∙∙∙∙∙∙∙▒▒[∙∙∙∙∙∙∙▒
∙▒∙∙∙%∙∙∙∙∙∙∙∙∙∙▒▒z)∙∙∙∙∙∙▒


∙∙∙∙∙%∙∙∙∙%∙∙∙∙∙@b!zz∙∙∙∙∙∙ ∙▒▒∙▒▒▒▒▒▒▒∙∙∙∙∙▒▒▒▒▒∙▒▒▒▒∙ ∙▒▒∙▒ ∙∙∙∙∙∙∙∙∙▒ ∙∙∙
∙▒▒∙∙ ▒∙∙∙∙∙∙▒▒▒▒ ∙zz ∙▒▒▒∙ ▒∙∙∙∙∙∙▒ ∙z∙∙∙ ∙∙∙∙∙∙∙∙∙▒ ∙∙5∙ ▒(▒∙∙∙∙∙∙▒ ∙∙∙∙
∙∙∙▒▒■∙▒ You could see 3 wights and a bat.

Vanquished Creatures
  Natasha (D:3)
  2 adders
  A worm (D:2)
  2 dart slugs
  3 bats
  An endoplasm (D:2)
  6 giant cockroaches
  2 goblins (D:3)
  3 hobgoblins (D:1)
  12 jackals
  3 quokkas
  6 ball pythons
  3 frilled lizards
  4 rats
49 creatures vanquished.

Notes
Turn   | Place    | Note
-------+----------+-------------------------------------------
     0 | D:1      | Cab the Demonspawn Fighter began the quest for the Orb.
     0 | D:1      | Reached XP level 1. HP: 18/18 MP: 1/1
   129 | D:1      | Reached skill level 2 in Axes
   305 | D:1      | Gained mutation: You are partially covered in yellow
                  | scales. (AC +2) [demonic ancestry]
   305 | D:1      | Reached XP level 2. HP: 24/24 MP: 2/2
   428 | D:1      | Reached skill level 3 in Axes
   622 | D:1      | Gained mutation: You are mostly covered in yellow scales.
                  | (AC +3) [demonic ancestry]
   622 | D:1      | Reached XP level 3. HP: 28/29 MP: 3/3
   701 | D:1      | Found a faded altar of an unknown god.
  1579 | D:3      | Noticed Natasha
  1589 | D:3      | Killed Natasha
  1590 | D:3      | Reached skill level 4 in Axes
  1590 | D:3      | Reached XP level 4. HP: 18/35 MP: 4/4
  1610 | D:3      | Noticed Grinder
  1616 | D:3      | Slain by a wight

Illustrated notes

Levels and vault maps discovered:
D:1:      ncdulo_wetmaze, layout_rooms, chequers_ecumenical_altar_twisty
D:2:      cheibrodos_helix_gallery, layout_basic, grunt_decor_junction
D:3:      layout_basic, chequers_temple_overflow_minitemple,
          lemuel_crystal_altar, nrook_mini_backslash, uniq_grinder, uniq_natasha

Skill      XL: |  1  2  3 |
---------------+----------+-----
Axes           | 2 3 4 |  4.3
Fighting       | |  3.0
Armour         | |  2.7
Shields        | |  2.7

Action                   |  1- 3 |  4- 6 || total
-------------------------+-------+-------++-------
Melee: War axe           |    94 |    13 ||   107
  Use: Potion            |     1 |       ||     1
Armor: Scale mail        |    63 |     4 ||    67
Dodge: Dodged            |    44 |     6 ||    50
Block: Buckler           |    32 |     9 ||    41
